 Dungeon Crawl Stone Soup version 0.27-a0-1181-g5f64966fcc (webtiles) character file.

Game seed: 11273302157913350900

3070 ZappyNine the Spear-Bearer (level 9, -6/75 HPs)
             Began as a Merfolk Gladiator on May 17, 2021.
             Was a Believer of Uskayaw.
             Killed from afar by Erica (26 damage)
             ... with a bolt of acid
             ... on level 8 of the Dungeon.
             The game lasted 00:11:20 (8522 turns).

ZappyNine the Spear-Bearer (Merfolk Gladiator)      Turns: 8522, Time: 00:11:21

Health: -6/75      AC:  7    Str: 17    XL:     9   Next: 88%
Magic:  13/13      EV: 15    Int:  9    God:    Uskayaw [**....]
Gold:   428        SH:  0    Dex: 16    Spells: 8/8 levels left

rFire    . . .     SeeInvis .   a - +2 trident (elec)
rCold    . . .     Faith    .   (no shield)
rNeg     . . .     Spirit   .   g - +0 swamp dragon scales
rPois    +         Reflect  .   c - +1 helmet
rElec    .         Harm     .   (no cloak)
rCorr    .         Rampage  .   y - +0 pair of gloves
Will     .....                  i - +0 pair of boots
Stlth    +.........             (no amulet)
HPRegen  0.22/turn              x - ring of poison resistance
MPRegen  0.13/turn              (no ring)

@: corroded
A: (nimble swimmer 2), mertail, clever 1, screaming 1
a: Renounce Religion, Stomp, Line Pass


You were on level 8 of the Dungeon.
You worshipped Uskayaw.
Uskayaw was noncommittal.
You visited 1 branch of the dungeon, and saw 8 of its levels.

You collected 428 gold pieces.

Inventory:

Hand Weapons
 a - a +2 trident of electrocution (weapon)
Missiles
 d - 3 throwing nets (quivered)
 s - 6 atropa-tipped darts
Armour
 b - a +0 leather armour
 c - a +1 helmet (worn)
 g - +0 swamp dragon scales (worn)
 i - a +0 pair of boots (worn)
 y - a +0 pair of gloves (worn)
Jewellery
 x - a ring of poison resistance (left hand)
Wands
 l - a wand of flame (24)
Scrolls
 e - a scroll of fear
 f - a scroll of identify
 m - a scroll of enchant armour
Potions
 j - 2 potions of ambrosia
 k - 3 potions of brilliance
 n - a potion of magic
 p - a potion of cancellation
 q - 4 potions of curing
 r - 3 potions of flight


   Skills:
 - Level 8.6 Fighting
 - Level 11.4 Polearms
 - Level 2.0 Throwing
 + Level 1.7 Armour
 - Level 8.3 Dodging
 - Level 5.4 Invocations


You had 8 spell levels left.
You didn't know any spells.
Your spell library contained the following spells:

 Spells                   Type           Power      Damage    Failure   Level
 Summon Small Mammal      Summ           0%         N/A       58%         1
 Call Imp                 Summ           0%         N/A       73%         2
 Call Canine Familiar     Summ           0%         N/A       91%         3
 Summon Guardian Golem    Hex/Summ       0%         N/A       91%         3
 Summon Ice Beast         Ice/Summ       0%         N/A       100%        4
 Summon Lightning Spire   Summ/Air       0%         N/A       100%        4


Dungeon Overview and Level Annotations

Branches:
Dungeon (8/15)             Temple (0/1) D:7
   Lair: D:8-11

Altars:
Elyvilon
Kikubaaqudgha
Okawaru
Ru
Uskayaw
Yredelemnul

Annotations:
D:4 3 runed translucent doors, Strat's ghost, weakling OgDe
D:8 Erica; Joseph


Innate Abilities, Weirdness & Mutations

((You are quick and stealthy near water. (Stealth+, EV+, Speed+++)))
Your lower body shifts to a powerful aquatic tail in water.
Your mind is acute. (Int +2)
You occasionally shout uncontrollably at your foes.


Message History

No target in view!
No target in view!
No target in view!
You can no longer pass through a line of other dancers.
Found an escape hatch in the floor.
Erica the Fiery-Tempered comes into view.
She is wielding a +1 scimitar of flaming, wearing a +2 robe of the Archmagi and carrying a wand of acid (10).
Erica shouts!
A bullfrog comes into view.
Erica casts a spell at herself.
Erica flickers and vanishes!
Deactivating autopickup; reactivate with Ctrl-A.
You are confused.
The bullfrog croaks.
You start waiting.
A bullfrog is nearby!
The bullfrog misses you.
You feel less confused. The bullfrog misses you.
The bullfrog hits you but does no damage.
You puncture the bullfrog!
Lightning courses through the bullfrog!!
You kill the bullfrog!
Your life force feels restored.
You hear a zap.
A bolt of acid appears from out of thin air!
The bolt of acid hits you! The acid corrodes you!
You are splashed with acid!
You see here a bullfrog corpse.
You barely miss something. Something hits you! Something burns you.
You hit something. Something hits you. Something burns you.
You hit something. Lightning courses through something!
You hear some strange, mumbled words.
A lance of force appears from out of thin air!
The lance of force hits you!!
* * * LOW HITPOINT WARNING * * *
You are knocked back by the lance of force.
You can now pass through a line of other dancers.
You hear a zap.
A bolt of acid appears from out of thin air!
The bolt of acid hits you!!
You die...

###†#######
#.........#
#.........#
#..{......#
#.
#.........# .
#.........#
######
#.........#
......
#.........#
......
#..@......#
......
###.#######
...... #.#
......
#.#####.#
......
#..†....# #
######
#.#######.###
##
##..........#
##.
#..........#
#..
#...<......#
#..


There were no monsters in sight!

Vanquished Creatures
  Maggie (D:8)
  Prince Ribbit (D:5)
  2 steam dragons (D:8)
  Menkaure (D:5)
  A water moccasin (D:7)
  Duvessa (D:4)
  2 necrophages (D:7)
  An ogre (D:7)
  2 phantoms
  A kobold brigand (D:8)
  3 bullfrogs
  A scorpion (D:6)
  Dowan (D:4)
  A water moccasin skeleton (D:6)
  4 wights
  4 bullfrog zombies
  5 centaur zombies
  5 hounds
  5 jellies
  A centaur skeleton (D:7)
  4 iguanas
  2 orc wizards
  A scorpion zombie (D:5)
  2 hell rats (D:7)
  2 hound skeletons (D:4)
  A river rat (D:8)
  4 adders
  A shadow imp (D:6)
  3 white imps
  3 ufetubi
  2 worms
  6 orcs
  8 ball pythons
  3 bats
  3 endoplasms
  2 giant cockroaches
  10 goblins
  6 hobgoblins
  5 jackals
  3 quokkas
  A frilled lizard (D:1)
  12 kobolds
  4 rats
131 creatures vanquished.

Vanquished Creatures (others)
  4 kobolds (D:8)
  A plant (D:1)
5 creatures vanquished.

Grand Total: 136 creatures vanquished

Notes
Turn   | Place    | Note
-------+----------+-------------------------------------------
     0 | D:1      | ZappyNine the Merfolk Gladiator began the quest for the
                  | Orb.
     0 | D:1      | Reached XP level 1. HP: 16/16 MP: 1/1
   231 | D:1      | Found a faded altar of an unknown god.
   300 | D:1      | Reached XP level 2. HP: 18/23 MP: 2/2
   545 | D:1      | Reached skill level 5 in Polearms
   781 | D:2      | Reached XP level 3. HP: 26/29 MP: 3/3
  1099 | D:2      | Reached skill level 6 in Polearms
  1099 | D:2      | Reached XP level 4. HP: 17/37 MP: 4/4
  2423 | D:4      | Reached XP level 5. HP: 33/42 MP: 5/5
  2614 | D:4      | Found a basalt altar of Yredelemnul.
  2614 | D:4      | Found a hide-covered altar of Uskayaw.
  2614 | D:4      | Found an iron altar of Okawaru.
  2615 | D:4      | Found a white marble altar of Elyvilon.
  2617 | D:4      | Found a sacrificial altar of Ru.
  2618 | D:4      | Found an ancient bone altar of Kikubaaqudgha.
  2634 | D:4      | Became a worshipper of Ru the Awakened
  2668 | D:4      | Found a runed translucent gate.
  2669 | D:4      | Found a runed translucent gate.
  2670 | D:4      | Found a runed translucent gate.
  2673 | D:4      | Noticed Strat's ghost (weakling OgDe)
  3094 | D:4      | Reached skill level 7 in Polearms
  3235 | D:4      | Noticed Duvessa
  3236 | D:4      | Noticed Dowan
  3249 | D:4      | Killed Duvessa
  3250 | D:4      | Reached skill level 5 in Fighting
  3250 | D:4      | Reached XP level 6. HP: 15/51 MP: 6/6
  3250 | D:4      | Killed Dowan
  3251 | D:4      | Reached skill level 8 in Polearms
  4070 | D:4      | Reached XP level 7. HP: 57/57 MP: 7/7
  4249 | D:5      | Entered Level 5 of the Dungeon
  4639 | D:5      | Reached skill level 9 in Polearms
  4639 | D:5      | Fell from the grace of Ru
  4721 | D:4      | Became a worshipper of Uskayaw the Reveller
  4804 | D:5      | Noticed Prince Ribbit
  4807 | D:5      | Reached * piety under Uskayaw
  4816 | D:5      | Reached ** piety under Uskayaw
  4817 | D:5      | Killed Prince Ribbit
  4818 | D:5      | Reached skill level 5 in Dodging
  4818 | D:5      | Reached skill level 1 in Invocations
  4818 | D:5      | Reached XP level 8. HP: 65/65 MP: 7/9
  5022 | D:6      | Noticed Menkaure
  5033 | D:5      | Reached *** piety under Uskayaw
  5034 | D:5      | Killed Menkaure
  5822 | D:6      | Reached skill level 10 in Polearms
  6533 | D:7      | Reached XP level 9. HP: 73/73 MP: 11/11
  6742 | D:7      | Found a staircase to the Ecumenical Temple.
  7219 | D:8      | Noticed Maggie
  7227 | D:7      | Reached skill level 11 in Polearms
  7606 | D:7      | Gained mutation: You occasionally shout uncontrollably at
                  | your foes. [potion of mutation]
  7606 | D:7      | Gained mutation: Your mind is acute. (Int +2) [potion of
                  | mutation]
  7635 | D:8      | Reached skill level 5 in Invocations
  7638 | D:8      | Reached **** piety under Uskayaw
  8144 | D:8      | Killed Maggie
  8202 | D:8      | Noticed a death yak
  8203 | D:8      | Noticed Joseph
  8206 | D:8      | Noticed a death yak
  8234 | D:8      | Noticed a death yak
  8484 | D:8      | Reached skill level 1 in Armour
  8506 | D:8      | Noticed Erica
  8522 | D:8      | Killed from afar by Erica

Illustrated notes

Levels and vault maps discovered:
D:1:      lordsloth_arrival_two_stooges, layout_basic,
          ebering_ecumenical_altar_hall, serial_bayou_ford_a,
          minmay_tiny_reverse_x
D:2:      layout_rooms
D:3:      layout_rooms, serial_corexii_hall, corexii_hall_statues_x,
          chequers_hall_statues_y, minmay_pentomino_pile
D:4:      kennysheep_six_static_rooms, layout_loops_corners, minitemple,
          gammafunk_ghost_necromancy, uniq_duvessa
D:5:      layout_loops_ring, uniq_prince_ribbit1
D:6:      layout_basic, uniq_menkaure
D:7:      layout_basic, minmay_temple_entry_sparse_star,
          amcnicky_mini_pool_small
D:8:      layout_basic, dpeg_lair_monsters, item_on_display_a, uniq_erica,
          uniq_maggie, uniq_joseph

Skill      XL: |  1  2  3  4  5  6  7  8  9 |
---------------+----------------------------+-----
Polearms       | 5 6 7 8 9 10 11 | 11.4
Fighting       | 3 4 5 6 7 8 |  8.6
Dodging        | 5 6 8 |  8.3
Invocations    | 1 3 5 |  5.4
Armour         | 1 |  1.7
Throwing       | |  2.0

Action                   |  1- 3 |  4- 6 |  7- 9 || total
-------------------------+-------+-------+-------++-------
Melee: Trident           |   102 |   154 |   233 ||   489
Invok: Renounce Religion |       |       |     1 ||     1
       Line Pass         |       |       |     1 ||     1
  Use: Potion            |       |     2 |     6 ||     8
       Scroll            |       |     5 |    16 ||    21
 Stab: Paralysed         |       |       |     4 ||     4
       Sleeping          |       |       |     1 ||     1
       Confused          |       |       |     1 ||     1
Armor: Leather armour    |    15 |    54 |    38 ||   107
       Swamp dragon scal |       |       |    10 ||    10
Dodge: Dodged            |    59 |   140 |   121 ||   320

Table legend: (Time is in decaauts)
 A = Elapsed time spent in this place.
 B = Non-inter-level travel time spent in this place.
 C = Inter-level travel time spent in this place.
 D = Time resting spent in this place.
 E = Time spent auto-exploring this place.
 F = Levels seen in this place.
 G = Mean time per level.
                   A        B        C        D        E       F      G
               +--------+--------+--------+--------+--------+-----+--------+
         Total |   8435 |   8099 |    336 |   2079 |   4927 |   8 | 1054.4 |
       Dungeon |   8435 |   8099 |    336 |   2079 |   4927 |   8 | 1054.4 |
               +--------+--------+--------+--------+--------+-----+--------+

Top non-repeatable levels by time:
     D:4: 1999 daAuts
     D:5: 1274 daAuts
     D:7: 1134 daAuts
     D:6: 879 daAuts
     D:3: 824 daAuts
     D:8: 805 daAuts
     D:1: 765 daAuts
     D:2: 751 daAuts
